Map: Habitation Station LE (Void)

Players

Emil - Winner!

  • Race: Zerg Zerg
  • League: Diamond
  • Spawn Location: 1:00

Starfury

  • Race: Protoss Protoss
  • League: Diamond
  • Spawn Location: 11:00

VOD

Have the link to the VOD?

Description

Time

  • Played on: Nov. 27, 2016, 6:07 p.m.
  • Length: 12:43
Show
View Real Time Build Order
Export as new Build Order

Emil Zerg - Winner!

Build Orders: Pool First 

Get SALT Encoding   

  12  0:18  Spawning Pool  
  11  0:37  Drone x3  
  14  0:48  Overlord  
  14  1:07  Zergling x2  
  14  1:09  Zergling x2  
  16  1:20  Zergling x2  
  17  1:26  Hatchery  
  16  1:33  Queen  
  16  1:36  Extractor  
  17  1:41  Drone  
  17  1:46  Drone  
  18  2:10  Drone x2  
  18  2:13  Drone  
  21  2:34  Drone  
  22  2:38  Queen, Overlord x2  
  24  2:47  Queen, Drone  
  27  3:05  Drone x2  
  27  3:23  Queen  
  27  3:25  Roach Warren  
  28  3:46  Overlord  
  28  3:48  Drone  
  28  3:49  Drone x2  
  31  4:08  Roach  
  31  4:09  Roach x6  
  45  4:13  Roach  
  45  4:14  Roach x2  
  51  4:25  Overlord x2  
  51  4:37  Metabolic Boost  
  51  4:41  Ravager  
  52  4:50  Zergling x4  
  52  4:51  Zergling x16  
  62  5:03  Ravager  
  62  5:05  Overlord x2  
  63  5:09  Extractor  
  62  5:22  Overlord x2  
  62  5:30  Drone  
  62  5:31  Queen, Drone x4  
  62  5:32  Queen  
  70  5:45  Ravager  
  70  5:46  Overlord x2  
  70  5:48  Spore Crawler  
  70  5:49  Spore Crawler  
  65  6:27  Drone x6  
  65  6:28  Drone x5  
  73  6:35  Queen  
  73  6:47  Zergling x6  
  71  6:56  Lair  
  71  7:00  Zergling x2  
  71  7:01  Zergling x4  
  70  7:13  Spine Crawler, Roach x2  
  73  7:17  Spine Crawler  
  73  7:21  Extractor  
  71  7:23  Extractor  
  71  7:27  Pneumatized Carapace  
  67  7:40  Roach  
  67  7:41  Roach x5  
  79  7:45  Spore Crawler  
  79  7:48  Hatchery  
  77  7:56  Overseer  
  77  7:57  Overseer  
  77  7:59  Drone  
  77  8:00  Drone x9  
  77  8:04  Ravager  
  86  8:28  Drone  
  87  8:35  Spire, Baneling Nest  
  87  8:39  Drone x7  
  92  8:45  Spine Crawler  
  91  8:54  Ravager  
  91  8:55  Ravager x3  
  95  8:57  Drone x2  
  95  8:58  Drone x3  
  95  8:59  Extractor  
  95  9:02  Extractor  
  96  9:34  Overlord x2  
  96  9:36  Zergling x2  
  96  9:37  Zergling x10  
  102  9:45  Zergling x2, Queen  
  100  9:46  Queen  
  104  9:55  Drone x5  
  109  10:17  Mutalisk  
  109  10:18  Mutalisk x6  
  123  10:25  Evolution Chamber  
  123  10:26  Evolution Chamber  
  121  10:30  Mutalisk  
  121  10:31  Mutalisk x3  
  129  10:43  Extractor  
  129  10:45  Hatchery, Mutalisk  
  129  10:47  Overlord x5, Extractor  
  128  11:02  Overlord x2  
  128  11:11  Hydralisk Den  
  127  11:22  Mutalisk  
  127  11:23  Mutalisk  
  123  11:40  Mutalisk  
  123  11:41  Mutalisk x2  
  130  11:47  Zergling x16  
  130  11:48  Zergling x6  
  130  11:54  Spine Crawler x2  
  139  11:57  Spine Crawler x2  
  139  11:59  Spine Crawler  
  133  12:04  Zergling x6  
  133  12:05  Zergling x32  
Show
View Real Time Build Order
Export as new Build Order

Starfury Protoss 

Build Orders: Zealot Archon 

Get SALT Encoding   

  12  0:01  Probe (Chrono Boost)  
  13  0:14  Probe (Chrono Boost)  
  14  0:20  Pylon  
  14  0:24  Probe (Chrono Boost)  
  15  0:33  Assimilator  
  15  0:39  Probe (Chrono Boost)  
  16  0:47  Gateway  
  16  0:49  Probe (Chrono Boost)  
  17  1:03  Probe (Chrono Boost)  
  18  1:13  Probe (Chrono Boost)  
  19  1:30  Zealot  
  19  1:36  Cybernetics Core  
  19  1:39  Pylon  
  21  1:45  Pylon  
  21  1:49  Assimilator  
  21  1:50  Probe (Chrono Boost)  
  22  1:55  Pylon  
  24  2:09  Adept  
  22  2:23  Gateway  
  21  2:33  Adept  
  23  2:41  Mothership Core (Chrono Boost)  
  25  2:56  Adept  
  26  3:12  Probe (Chrono Boost)  
  27  3:24  Probe (Chrono Boost)  
  27  3:25  Nexus  
  28  3:36  Probe (Chrono Boost)  
  28  3:37  Warp Gate  
  30  3:48  Probe (Chrono Boost)  
  30  3:51  Pylon  
  30  3:56  Stalker x2  
  34  4:18  Twilight Council  
  34  4:22  Probe (Chrono Boost)  
  35  4:33  Probe (Chrono Boost)  
  35  4:36  Robotics Facility  
  36  4:38  Gateway  
  36  4:48  Probe x2 (Chrono Boost)  
  38  5:01  Probe x2 (Chrono Boost), Assimilator  
  38  5:05  Assimilator  
  40  5:10  Dark Shrine  
  40  5:18  Gateway  
  40  5:20  Probe (Chrono Boost)  
  41  5:23  Probe (Chrono Boost)  
  42  5:38  Pylon  
  42  5:40  Immortal  
  42  5:45  Pylon  
  46  5:56  Pylon  
  45  6:26  Dark Templar  
  45  6:27  Dark Templar x2  
  48  6:50  Probe (Chrono Boost)  
  48  6:52  Probe (Chrono Boost)  
  50  6:58  Warp Prism  
  50  7:01  Probe (Chrono Boost)  
  51  7:04  Probe (Chrono Boost)  
  54  7:15  Pylon  
  56  7:22  Probe (Chrono Boost)  
  56  7:24  Probe (Chrono Boost)  
  56  7:38  Immortal  
  56  7:39  Dark Templar, Archon  
  56  7:42  Probe (Chrono Boost)  
  64  7:44  Probe (Chrono Boost), Archon  
  64  7:53  Probe (Chrono Boost)  
  64  7:56  Probe (Chrono Boost)  
  66  8:03  Probe (Chrono Boost)  
  67  8:08  Probe (Chrono Boost)  
  67  8:10  Forge  
  67  8:11  Gateway  
  68  8:12  Immortal  
  68  8:14  Probe (Chrono Boost)  
  68  8:15  Gateway  
  64  8:20  Probe (Chrono Boost)  
  64  8:25  Probe (Chrono Boost)  
  65  8:32  Probe (Chrono Boost)  
  66  8:35  Probe (Chrono Boost)  
  67  8:43  Protoss Ground Weapons Level 1  
  67  8:55  Templar Archives  
  67  8:57  Gateway  
  67  9:01  Gateway  
  67  9:02  Gateway  
  67  9:06  Probe (Chrono Boost)  
  67  9:08  Probe (Chrono Boost)  
  69  9:20  Probe (Chrono Boost)  
  69  9:21  Pylon  
  69  9:22  Pylon  
  69  9:23  Pylon  
  70  9:24  Pylon  
  70  9:26  Pylon  
  70  9:34  Psionic Storm  
  70  9:40  Warp Prism  
  70  9:43  Zealot  
  70  9:44  Zealot x2  
  78  9:45  Charge  
  78  9:55  Stalker x3  
  84  10:09  Cybernetics Core  
  84  10:16  Immortal  
  84  10:20  Zealot x2  
  84  10:21  Zealot x2  
  96  10:27  High Templar x2  
  100  10:35  High Templar  
  102  10:48  Pylon  
  102  10:50  Pylon  
  102  10:52  Pylon  
  102  10:58  Pylon  
  102  11:00  Pylon  
  102  11:08  High Templar x2  
  102  11:10  Zealot x4  
  114  11:16  Zealot  
  114  11:17  Zealot  
  117  11:37  High Templar x2  
  121  11:41  Archon  
  85  12:27  Archon x2  
Tags
 
Add a new tag
Caveats
  • Supply blocks, unpowered buildings, or Contaminate may cause inaccurate times.
  • Supply counts are checked every 10 seconds.